PCL
HOUSTON HAMMERTIME @ CALGARY COWBOYS
08/08/2026
 
TOP OF THE 1ST
Houston Hammertime batting - Pitching for Calgary Cowboys : RHP Pedro Leal
Pitching: RHP Pedro Leal
Batting: LHB Fernando Camacho 0-0: Ball
1-0: Ball
2-0: Called Strike
2-1: Ball
3-1: Called Strike
3-2: Foul Ball, location: 2F
3-2: Foul Ball, location: 2F
3-2: Fly out, F2 (Popup, 2LF)
Batting: RHB Pepe González 0-0: Ball
1-0: Foul Ball, location: 2F
1-1: Ground out U3 (Groundball, 3S)
Batting: SHB Cristo Ontiveros 0-0: Ball
1-0: Called Strike
1-1: Swinging Strike
1-2: SOLO HOME RUN (Flyball, 9D), Distance : 374 ft
Batting: RHB Mario Beltrán 0-0: Ball
1-0: SOLO HOME RUN (Flyball, 7D), Distance : 396 ft
Batting: LHB Juan Cabañas 0-0: Called Strike
0-1: Ground out 4-3 (Groundball, 4)
Top of the 1st over - 2 run(s), 2 hit(s), 0 error(s), 0 left on base; Houston 2 - Calgary 0
BOTTOM OF THE 1ST
Calgary Cowboys batting - Pitching for Houston Hammertime : RHP Jun Kawashima
Pitching: RHP Jun Kawashima
Batting: RHB Luis Peña 0-0: Ball
1-0: Called Strike
1-1: Reached on error, E5 (Groundball, 56S)
Batting: RHB Jorge Balencia 0-0: Ball
1-0: Called Strike
1-1: Fly out, F8 (Flyball, 8RD)
Runner from 2nd tags up, SAFE at 3rd, no throw
Batting: LHB Miguel Pérez 0-0: Ball
1-0: Ball
2-0: Ball
3-0: Base on Balls
Batting: RHB Clark Hodge 0-0: Swinging Strike
0-1: Swinging Strike
0-2: Ball
1-2: Strikes out swinging
Batting: RHB Ramón Martínez 0-0: Ball
1-0: Foul Ball, location: 2F
1-1: SINGLE (Groundball, 3D)
Luis Peña scores
Miguel Pérez to second
Runner from 2nd tries for 3rd, SAFE, no throw or cutoff
Batting: RHB Dan Wyatt 0-0: Swinging Strike
0-1: Foul Ball, location: 2F
0-2: Fielders Choice at 2nd, U6 (Groundball, 6M)
Bottom of the 1st over - 1 run(s), 1 hit(s), 1 error(s), 2 left on base; Houston 2 - Calgary 1
TOP OF THE 2ND
Houston Hammertime batting - Pitching for Calgary Cowboys : RHP Pedro Leal
Batting: RHB Richard Coker 0-0: Ball
1-0: Called Strike
1-1: Foul Ball, location: 2F
1-2: Foul Ball, location: 2F
1-2: Ball
2-2: Fly out, F9 (Flyball, 9M)
Batting: LHB Bartolo Villanueva 0-0: Called Strike
0-1: Ball
1-1: Called Strike
1-2: Ball
2-2: Ball
3-2: Base on Balls
Batting: LHB José Villegas 0-0: Ball
1-0: Swinging Strike
1-1: Called Strike
1-2: Fly out, F7 (Line Drive, 78S)
Batting: RHB Moo-hyun Pak 0-0: Ball
1-0: Ball
2-0: Foul Ball, location: 2F
2-1: Called Strike
2-2: Ball
3-2: Base on Balls
Bartolo Villanueva to second
Batting: LHB Fernando Camacho 0-0: Called Strike
0-1: Swinging Strike
0-2: Ball
1-2: Fielders Choice at 2nd, 6-4 (Groundball, 6)
Top of the 2nd over - 0 run(s), 0 hit(s), 0 error(s), 1 left on base; Houston 2 - Calgary 1
BOTTOM OF THE 2ND
Calgary Cowboys batting - Pitching for Houston Hammertime : RHP Jun Kawashima
Batting: RHB Jesús Hernández 0-0: Ball
1-0: Called Strike
1-1: Ball
2-1: Foul Ball, location: 2F
2-2: Strikes out swinging
Batting: LHB Freddy Herrera 0-0: Swinging Strike
0-1: Ball
1-1: Called Strike
1-2: DOUBLE (Flyball, 8RXD)
Batting: RHB Mario Sánchez 0-0: Ball
1-0: Called Strike
1-1: Ground out 4-3 (Groundball, 4)
Freddy Herrera to third
Batting: RHB Luis Peña 0-0: SINGLE (Groundball, 56D) (infield hit)
Freddy Herrera scores
Batting: RHB Jorge Balencia 0-0: Ball
Luis Peña is caught stealing 2nd base
Bottom of the 2nd over - 1 run(s), 2 hit(s), 0 error(s), 0 left on base; Houston 2 - Calgary 2
TOP OF THE 3RD
Houston Hammertime batting - Pitching for Calgary Cowboys : RHP Pedro Leal
Batting: RHB Pepe González 0-0: Ball
1-0: Swinging Strike
1-1: Foul Ball, location: 2F
1-2: Ball
2-2: Fly out, F9 (Popup, 9LS)
Batting: SHB Cristo Ontiveros 0-0: Called Strike
0-1: Ball
1-1: Ground out U3 (Groundball, 3S)
Batting: RHB Mario Beltrán 0-0: Fly out, F9 (Line Drive, 89M)
Top of the 3rd over - 0 run(s), 0 hit(s), 0 error(s), 0 left on base; Houston 2 - Calgary 2
BOTTOM OF THE 3RD
Calgary Cowboys batting - Pitching for Houston Hammertime : RHP Jun Kawashima
Batting: RHB Jorge Balencia 0-0: Reached on error, E1 (Groundball, 15)
Batting: LHB Miguel Pérez 0-0: Swinging Strike
0-1: Ball
1-1: Swinging Strike
1-2: Ball
2-2: Strikes out swinging
Batting: RHB Clark Hodge 0-0: Called Strike
0-1: Ball
1-1: Called Strike
1-2: Strikes out looking
Batting: RHB Ramón Martínez 0-0: Ball
1-0: Ball
2-0: Ball
3-0: Called Strike
3-1: Swinging Strike
3-2: Ground out 5-3 (Groundball, 5S)
Bottom of the 3rd over - 0 run(s), 0 hit(s), 1 error(s), 1 left on base; Houston 2 - Calgary 2
TOP OF THE 4TH
Houston Hammertime batting - Pitching for Calgary Cowboys : RHP Pedro Leal
Batting: LHB Juan Cabañas 0-0: Called Strike
0-1: Ball
1-1: Ball
2-1: Ball
3-1: Base on Balls
Batting: RHB Richard Coker 0-0: Called Strike
0-1: Swinging Strike
0-2: Ball
1-2: Ball
2-2: 2-RUN HOME RUN (Flyball, 78XD), Distance : 416 ft
Batting: LHB Bartolo Villanueva 0-0: Ball
1-0: Swinging Strike
1-1: Foul Ball, location: 2F
1-2: Strikes out looking
Batting: LHB José Villegas 0-0: Called Strike
0-1: Ball
1-1: Ball
2-1: Foul Ball, location: 2F
2-2: Foul Ball, location: 2F
2-2: Ball
3-2: Strikes out swinging
Batting: RHB Moo-hyun Pak 0-0: Foul Ball, location: 2F
0-1: Called Strike
0-2: Ball
1-2: Foul Ball, location: 2F
1-2: Foul Ball, location: 2F
1-2: Ball
2-2: Strikes out looking
Top of the 4th over - 2 run(s), 1 hit(s), 0 error(s), 0 left on base; Houston 4 - Calgary 2
BOTTOM OF THE 4TH
Calgary Cowboys batting - Pitching for Houston Hammertime : RHP Jun Kawashima
Batting: RHB Dan Wyatt 0-0: Swinging Strike
0-1: Fly out, F4 (Popup, 4D)
Batting: RHB Jesús Hernández 0-0: Foul Ball, location: 2F
0-1: Ball
1-1: Ground out 4-3 (Groundball, 4)
Batting: LHB Freddy Herrera 0-0: Swinging Strike
0-1: Foul Ball, location: 2F
0-2: Foul Ball, location: 2F
0-2: Ball
1-2: Ball
2-2: Strikes out looking
Bottom of the 4th over - 0 run(s), 0 hit(s), 0 error(s), 0 left on base; Houston 4 - Calgary 2
TOP OF THE 5TH
Houston Hammertime batting - Pitching for Calgary Cowboys : RHP Pedro Leal
Batting: LHB Fernando Camacho 0-0: Ball
1-0: Foul Ball, location: 2F
1-1: Ball
2-1: SOLO HOME RUN (Flyball, 8RXD), Distance : 433 ft
Batting: RHB Pepe González 0-0: Called Strike
0-1: Foul Ball, location: 2F
0-2: Foul Ball, location: 2F
0-2: Ball
1-2: Ball
2-2: Foul Ball, location: 2F
2-2: Foul Ball, location: 2F
2-2: Ball
3-2: Fly out, F9 (Flyball, 9M)
Batting: SHB Cristo Ontiveros 0-0: Ball
1-0: Fly out, F7 (Flyball, 78S)
Batting: RHB Mario Beltrán 0-0: Called Strike
0-1: Ball
1-1: Foul Ball, location: 2F
1-2: Foul Ball, location: 2F
1-2: Foul Ball, location: 2F
1-2: Strikes out swinging
Top of the 5th over - 1 run(s), 1 hit(s), 0 error(s), 0 left on base; Houston 5 - Calgary 2
BOTTOM OF THE 5TH
Calgary Cowboys batting - Pitching for Houston Hammertime : RHP Jun Kawashima
Batting: RHB Mario Sánchez 0-0: Ball
1-0: Called Strike
1-1: Foul Ball, location: 2F
1-2: Foul Ball, location: 2F
1-2: Foul Ball, location: 2F
1-2: SOLO HOME RUN (Flyball, 7D), Distance : 388 ft
Batting: RHB Luis Peña 0-0: Ground out 5-3 (Groundball, 56)
Batting: RHB Jorge Balencia 0-0: Called Strike
0-1: Foul Ball, location: 2F
0-2: Ball
1-2: Ball
2-2: Strikes out swinging
Batting: LHB Miguel Pérez 0-0: Ball
1-0: Swinging Strike
1-1: Ball
2-1: Swinging Strike
2-2: Ball
3-2: SINGLE (Line Drive, 6)
Batting: RHB Clark Hodge 0-0: Ball
1-0: Ball
2-0: Called Strike
2-1: Foul Ball, location: 2F
2-2: Ball
3-2: Base on Balls
Miguel Pérez to second
Batting: RHB Ramón Martínez 0-0: Fly out, F4 (Popup, 4M)
Bottom of the 5th over - 1 run(s), 2 hit(s), 0 error(s), 2 left on base; Houston 5 - Calgary 3
TOP OF THE 6TH
Houston Hammertime batting - Pitching for Calgary Cowboys : RHP Pedro Leal
Pitching: RHP Glen Brewer
Batting: LHB Juan Cabañas 0-0: Called Strike
0-1: Ground out 4-3 (Groundball, 4M)
Batting: RHB Richard Coker 0-0: Swinging Strike
0-1: Ball
1-1: Foul Ball, location: 2F
1-2: Strikes out swinging
Batting: LHB Bartolo Villanueva 0-0: Called Strike
0-1: Swinging Strike
0-2: Ball
1-2: Strikes out swinging
Top of the 6th over - 0 run(s), 0 hit(s), 0 error(s), 0 left on base; Houston 5 - Calgary 3
BOTTOM OF THE 6TH
Calgary Cowboys batting - Pitching for Houston Hammertime : RHP Jun Kawashima
Batting: RHB Dan Wyatt 0-0: Called Strike
0-1: Foul Ball, location: 2F
0-2: Strikes out swinging
Batting: RHB Jesús Hernández 0-0: Swinging Strike
0-1: Fly out, F4 (Popup, 34D)
Batting: LHB Freddy Herrera 0-0: Swinging Strike
0-1: Ground out 4-3 (Groundball, 4M)
Bottom of the 6th over - 0 run(s), 0 hit(s), 0 error(s), 0 left on base; Houston 5 - Calgary 3
TOP OF THE 7TH
Houston Hammertime batting - Pitching for Calgary Cowboys : RHP Glen Brewer
Batting: LHB José Villegas 0-0: Called Strike
0-1: Ball
1-1: Foul Ball, location: 2F
1-2: Foul Ball, location: 2F
1-2: Ground out U3 (Groundball, 3S)
Batting: RHB Moo-hyun Pak 0-0: Called Strike
0-1: DOUBLE (Line Drive, 8LD)
Batting: LHB Fernando Camacho 0-0: Ground out 4-3 (Groundball, 34)
Moo-hyun Pak to third
Batting: RHB Pepe González 0-0: Ball
1-0: Ball
2-0: Foul Ball, location: 2F
2-1: Foul Ball, location: 2F
2-2: Foul Ball, location: 2F
2-2: Ball
3-2: Foul Ball, location: 2F
3-2: Base on Balls
Batting: SHB Cristo Ontiveros 0-0: SINGLE (Groundball, 34)
Moo-hyun Pak scores
Pepe González to second
Runner from 2nd tries for 3rd, SAFE, throw made to third
Batting: RHB Mario Beltrán 0-0: Fly out, F7 (Flyball, 7LM)
Top of the 7th over - 1 run(s), 2 hit(s), 0 error(s), 2 left on base; Houston 6 - Calgary 3
BOTTOM OF THE 7TH
Calgary Cowboys batting - Pitching for Houston Hammertime : RHP Jun Kawashima
Batting: RHB Mario Sánchez 0-0: Ball
1-0: Called Strike
1-1: Ball
2-1: Bunt for hit - play at first, batter OUT! 1-3
Batting: RHB Luis Peña 0-0: Called Strike
0-1: Ground out 5-3 (Groundball, 5)
Batting: RHB Jorge Balencia 0-0: Called Strike
0-1: Swinging Strike
0-2: Ball
1-2: Ball
2-2: Ground out 3-1 (Groundball, 34)
Bottom of the 7th over - 0 run(s), 0 hit(s), 0 error(s), 0 left on base; Houston 6 - Calgary 3
TOP OF THE 8TH
Houston Hammertime batting - Pitching for Calgary Cowboys : RHP Glen Brewer
Pitching: RHP Mitsunari Jouda
Batting: LHB Juan Cabañas 0-0: Foul Ball, location: 2F
0-1: Foul Ball, location: 2F
0-2: Fly out, F7 (Flyball, 7LM)
Batting: RHB Richard Coker 0-0: Foul Ball, location: 2F
0-1: Ground out 5-3 (Groundball, 5)
Batting: LHB Bartolo Villanueva 0-0: Ball
1-0: Called Strike
1-1: Called Strike
1-2: DOUBLE (Line Drive, 78M)
Batting: LHB José Villegas 0-0: Ball
1-0: SINGLE (Line Drive, 34)
Bartolo Villanueva to third
Batting: RHB Moo-hyun Pak 0-0: Called Strike
0-1: Swinging Strike
0-2: Foul Ball, location: 2F
0-2: Ball
1-2: Foul Ball, location: 2F
1-2: Ball
2-2: Fly out, F2 (Popup, 23F)
Top of the 8th over - 0 run(s), 2 hit(s), 0 error(s), 2 left on base; Houston 6 - Calgary 3
BOTTOM OF THE 8TH
Calgary Cowboys batting - Pitching for Houston Hammertime : RHP Jun Kawashima
Pitching: LHP Martín Reyes
Batting: LHB Miguel Pérez 0-0: Called Strike
0-1: Ball
1-1: Foul Ball, location: 2F
1-2: Ball
2-2: Reached on error, E4 (Groundball, 34)
Pitching: RHP Pedro Castillo
Batting: RHB Clark Hodge 0-0: Called Strike
0-1: Ball
1-1: Foul Ball, location: 2F
1-2: Foul Ball, location: 2F
1-2: Foul Ball, location: 2F
1-2: Ball
2-2: SINGLE (Groundball, 34D)
Miguel Pérez to second
Runner from 2nd tries for 3rd, SAFE, throw made to third
Clark Hodge to second
Pitching: RHP Robert Powers
Batting: RHB Ramón Martínez 0-0: Called Strike
0-1: SINGLE (Groundball, 6M)
Miguel Pérez scores
Clark Hodge to third
Runner from 3rd tries for Home, SAFE, no throw or cutoff
Batting: RHB Dan Wyatt 0-0: Ball
1-0: Bunted foul
1-1: Sac Bunt - play at second, runner safe!
Batting: RHB Jesús Hernández 0-0: Ball
1-0: Sac Bunt - play at first, batter OUT! 1-4
Ramón Martínez to third
Dan Wyatt to second
Pitching: RHP Andrés Rivera
Batting: LHB Freddy Herrera 0-0: SINGLE (Line Drive, 8LS)
Ramón Martínez scores
Dan Wyatt to third
Batting: RHB Mario Sánchez 0-0: Called Strike
0-1: Fly out, F8 (Flyball, 89S)
Batting: RHB Luis Peña 0-0: Ground out 6-3 (Groundball, 56)
Bottom of the 8th over - 3 run(s), 3 hit(s), 1 error(s), 2 left on base; Houston 6 - Calgary 6
TOP OF THE 9TH
Houston Hammertime batting - Pitching for Calgary Cowboys : RHP Mitsunari Jouda
Pitching: LHP Alfredo Durán
Pinch Hitting: RHB Alberto Chávez 0-0: Foul Ball, location: 2F
0-1: Swinging Strike
0-2: Ball
1-2: Ground out 6-3 (Groundball, 6M)
Batting: RHB Pepe González 0-0: Swinging Strike
0-1: Called Strike
0-2: Ball
1-2: Foul Ball, location: 2F
1-2: Ball
2-2: Foul Ball, location: 2F
2-2: DOUBLE (Line Drive, 7LM)
Batting: SHB Cristo Ontiveros 0-0: Swinging Strike
0-1: Ball
1-1: Foul Ball, location: 2F
1-2: Foul Ball, location: 2F
1-2: Ball
2-2: Foul Ball, location: 2F
2-2: Foul Ball, location: 2F
2-2: Ball
3-2: Base on Balls
Batting: RHB Mario Beltrán 0-0: Ball
1-0: Called Strike
1-1: Swinging Strike
1-2: Grounds into double play, 6-4-3 (Groundball, 6M)
Top of the 9th over - 0 run(s), 1 hit(s), 0 error(s), 1 left on base; Houston 6 - Calgary 6
BOTTOM OF THE 9TH
Calgary Cowboys batting - Pitching for Houston Hammertime : RHP Andrés Rivera
Now at 2B: Alberto Chávez
Batting: RHB Jorge Balencia 0-0: Ground out 1-3 (Groundball, 25)
Batting: LHB Miguel Pérez 0-0: Ball
1-0: Ball
2-0: Called Strike
2-1: Fly out, F3 (Line Drive, 3)
Batting: RHB Clark Hodge 0-0: Ground out 5-3 (Groundball, 15S)
Bottom of the 9th over - 0 run(s), 0 hit(s), 0 error(s), 0 left on base; Houston 6 - Calgary 6
TOP OF THE 10TH
Houston Hammertime batting - Pitching for Calgary Cowboys : LHP Alfredo Durán
Batting: LHB Juan Cabañas 0-0: Swinging Strike
0-1: Swinging Strike
0-2: Ball
1-2: Strikes out swinging
Batting: RHB Richard Coker 0-0: Ground out 4-3 (Groundball, 4)
Pinch Hitting: RHB Dan Mason 0-0: Ball
1-0: Ground out 5-3 (Groundball, 5L)
Top of the 10th over - 0 run(s), 0 hit(s), 0 error(s), 0 left on base; Houston 6 - Calgary 6
BOTTOM OF THE 10TH
Calgary Cowboys batting - Pitching for Houston Hammertime : RHP Andrés Rivera
Now in CF: Dan Mason
Batting: RHB Ramón Martínez 0-0: Called Strike
0-1: Hit by Pitch
Batting: RHB Dan Wyatt 0-0: Called Strike
0-1: Sac Bunt - play at first, batter OUT! 3-4
Ramón Martínez to second
Batting: RHB Jesús Hernández 0-0: Foul Ball, location: 2F
0-1: SINGLE (Groundball, 56)
Ramón Martínez to third
Runner from 3rd tries for Home, SAFE, no throw or cutoff
Monday, December 5th, 2016 - OOTP Baseball 17.12 Build 75